 Dungeon Crawl Stone Soup version 0.31-a0-524-g2a164cf6a2 (webtiles) character file.

Game seed: 8117776530654439970

93 AdnanSaban the Trooper (level 4, -2/29 HPs)
             Began as a Gargoyle Fighter on Aug 12, 2023.
             Slain by a black bear (4 damage)
             ... on level 3 of the Dungeon.
             The game lasted 00:01:59 (1669 turns).

AdnanSaban the Trooper (Gargoyle Fighter)           Turns: 1669, Time: 00:02:00

Health: -2/29      AC: 15    Str: 21    XL:     4   Next: 62%
Magic:  4/4        EV: 10    Int:  9    God:
Gold:   138        SH:  4    Dex:  9    Spells: 3/3 levels left

rFire   . . .        a - +0 flail
rCold   . . .        c - +0 buckler
rNeg    + . .        e - quicksilver dragon scales
rPois   ∞            (no helmet)
rElec   +            l - +0 cloak
rCorr   .            (no gloves)
SInv    .            (no boots)
Will    +....        (no amulet) Stlth
                     (no ring)
HPRegen 0.24/turn    (no ring)
MPRegen 0.09/turn

%: no passive effects
@: no status effects
A: sickness immunity, AC +3, negative energy resistance 1, electricity
resistance, torment resistance 1, petrification resistance
a: no special abilities


You were on level 3 of the Dungeon.
You visited 1 branch of the dungeon, and saw 3 of its levels.

You collected 138 gold pieces.

Inventory:

Hand Weapons
 a - a +0 flail (weapon)
Armour
 c - a +0 buckler (worn)
 e - quicksilver dragon scales (worn)
 l - a +0 cloak (worn)
Jewellery
 j - an amulet of faith
 o - an amulet of magic regeneration
 s - a ring of magical power
 x - an amulet of regeneration
Scrolls
 b - a scroll of silence {unknown}
 f - a scroll of blinking {unknown}
 h - 7 scrolls of identify {unknown}
 i - a scroll of enchant weapon {unknown}
 n - 2 scrolls of teleportation {unknown}
 p - a scroll of poison {unknown}
 q - a scroll of acquirement {unknown}
 v - 2 scrolls of revelation {unknown}
 w - a scroll of noise {unknown}
Potions
 d - 2 potions of might
 g - a potion of resistance {unknown}
 k - a potion of berserk rage {unknown}
 m - a potion of ambrosia {unknown}
 r - a potion of brilliance {unknown}
 t - a potion of heal wounds {unknown}
 u - a potion of curing {unknown}
 z - 2 potions of mutation {unknown}
 A - a potion of attraction {unknown}


   Skills:
 + Level 3.9 Fighting
 + Level 3.2 Maces & Flails
 + Level 3.8 Armour
 + Level 0.7 Dodging
 + Level 0.2 Stealth
 + Level 3.7 Shields


You had 3 spell levels left.
You didn't know any spells.
Your spell library contained the following spells:

 Spells                   Type           Power      Damage    Failure   Level
 Ozocubu's Armour         Ice            0%         N/A       94%         3
 Ozocubu's Refrigeration  Ice            0%         4d7       100%        7


Dungeon Overview and Level Annotations

Branches:
Dungeon (3/15)

Altars:

Annotations:
D:3 Robin


Innate Abilities, Weirdness & Mutations

You are immune to sickness and miasma.
Your stone body is resilient. (AC +3)
You are immune to poison.
You resist negative energy. (rN+)
You are resistant to electric shocks. (rElec)
You are resistant to unholy torment.
You are immune to petrification.


Message History

The black bear bites you but does no damage.
You block the black bear's attack. The black bear barely misses you.
You block the hobgoblin's attack.
You barely miss the goblin.
The goblin is moderately wounded.
You block the goblin's attack. The black bear barely misses you.
You block the black bear's attack. The black bear barely misses you.
The hobgoblin hits you but does no damage.
You closely miss the goblin.
The goblin is moderately wounded.
The goblin hits you but does no damage. The black bear closely misses you.
The black bear claws you.
The black bear claws you but does no damage.
The hobgoblin misses you. The goblin hits you with a +0 dagger.
* * * LOW HITPOINT WARNING * * *
You block the hobgoblin's attack. The black bear closely misses you.
The black bear claws you but does no damage.
The black bear claws you.
* * * LOW HITPOINT WARNING * * *
You thump the goblin!
You kill the goblin!
You block the black bear's attack. The black bear claws you.
* * * LOW HITPOINT WARNING * * *
The black bear claws you but does no damage.
Robin roars a battlecry!
The hobgoblin goes into a battle-frenzy!
The hobgoblin misses you.
The black bear attacks as you move away!
The black bear bites you but does no damage.
The black bear closely misses you.
The black bear claws you but does no damage.
Things that are here:
a +0 dagger; a +0 club; a +0 club The black bear attacks as you move away!
The black bear bites you but does no damage.
The black bear claws you but does no damage. x2
You block the hobgoblin's attack. Robin throws the goblin at you!
You miss the goblin. The black bear bites you.
You die...

........g ....#...#
## ........#### ..
..####..†..###.#
###..g....#
###g#..#### ..#
#)#...#..
.....#####g.......
...#..g@hgg..#.###
......#####.##.###
.........>.).....##
...................
........###..###...
........###..# ##
......†......#
...>.....#...###
###.####.#.....#


You could see a black bear, Robin, 2 hobgoblins and a goblin.

Vanquished Creatures
  3 adders
  2 dart slugs (D:2)
  2 ball pythons
  4 endoplasms (D:2)
  3 giant cockroaches
  12 goblins
  6 hobgoblins
  2 jackals (D:2)
  4 kobolds
  2 quokkas
  8 bats
  4 frilled lizards
  6 rats
58 creatures vanquished.

Notes
Turn   | Place    | Note
-------+----------+-------------------------------------------
     0 | D:1      | AdnanSaban the Gargoyle Fighter began the quest for the
                  | Orb.
     0 | D:1      | Reached XP level 1. HP: 14/14 MP: 1/1
   107 | D:1      | Reached XP level 2. HP: 18/19 MP: 2/2
  1014 | D:2      | Reached XP level 3. HP: 24/24 MP: 3/3
  1393 | D:2      | Reached XP level 4. HP: 29/29 MP: 4/4
  1624 | D:3      | Noticed a black bear
  1624 | D:3      | Noticed Robin
  1664 | D:3      | HP: 1/29 [black bear (4)]
  1669 | D:3      | Slain by a black bear

Illustrated notes

Levels and vault maps discovered:
D:1:      psy_arrival_statuary, layout_basic, kennysheep_small_spiral,
          solitary_fountain, minivault_5, item_on_display_a
D:2:      layout_loops_cross, minmay_joined_circles
D:3:      layout_rooms, cheibrodos_ashenzari_chains, uniq_robin

Skill      XL: |  1  2  3  4 |
---------------+-------------+-----
Maces & Flails | 3 |  3.2
Fighting       | |  3.9
Armour         | |  3.8
Dodging        | |  0.7
Stealth        | |  0.2
Shields        | |  3.7

Action                     |  1- 3 |  4- 6 || total
---------------------------+-------+-------++-------
  Melee: Flail             |   119 |    78 ||   197
 Armour: Quicksilver drago |    70 |    82 ||   152
  Dodge: Dodged            |    78 |    78 ||   156
  Block: Buckler           |    23 |    40 ||    63

Table legend: (Time is in decaauts)
 A = Elapsed time spent in this place.
 B = Non-inter-level travel time spent in this place.
 C = Inter-level travel time spent in this place.
 D = Time resting spent in this place.
 E = Time spent auto-exploring this place.
 F = Levels seen in this place.
 G = Mean time per level.
                   A        B        C        D        E       F      G
               +--------+--------+--------+--------+--------+-----+--------+
         Total |   1727 |   1642 |     85 |      0 |   1208 |   3 |  575.7 |
       Dungeon |   1727 |   1642 |     85 |      0 |   1208 |   3 |  575.7 |
               +--------+--------+--------+--------+--------+-----+--------+

Top non-repeatable levels by time:
     D:1: 892 daAuts
     D:2: 722 daAuts
     D:3: 112 daAuts
